 Dungeon Crawl Stone Soup version 0.18.1-50-g88ac8fd (webtiles) character file.

0 Gargoyl the Skirmisher (level 1, -15/18 HPs)
             Began as a Demonspawn Abyssal Knight on Oct 10, 2016.
             Was a Follower of Lugonu.
             Killed from afar by a deep elf knight (28 damage)
             ... with a shard of ice
             ... summoned by a worldbinder
             ... on level 3 of the Abyss.
             The game lasted 00:00:53 (166 turns).

Gargoyl the Skirmisher (Demonspawn Abyssal Knight)   Turns: 166, Time: 00:00:53

Health: -15/18     AC:  2    Str: 12    XL:     1   Next: 0%
Magic:  2/2        EV: 11    Int: 13    God:    Lugonu [*.....]
Gold:   29         SH:  0    Dex:  8    Spells: 0 memorised, 0 levels left

rFire  . . .     SeeInvis .     a - +1 hand axe
rCold  . . .     Gourm    .     b - +0 leather armour
rNeg   . . .     Faith    .     (no shield)
rPois  .         Spirit   .     f - +0 helmet
rElec  .         Dismiss  .     (no cloak)
rCorr  .         Reflect  .     (no gloves)
SustAt .         Harm     .     (no boots)
MR     .....     Rnd*Tele +     (no amulet)
Stlth  +.........               (no ring)
                                (no ring)

@: non-regenerating, diseased, not resistant to hostile enchantments, very
unstealthy
A: blurry vision 2, clumsy 2, deformed body, teleportitis 2
a: Depart the Abyss, Renounce Religion


You were on level 3 of the Abyss.
You worshipped Lugonu.
Lugonu was aware of your devotion.
You were not hungry.

You visited 0 branches of the dungeon, and saw 0 of its levels.
You visited the Abyss 1 time.

You collected 29 gold pieces.

Inventory:

Hand Weapons
 a - a +1 hand axe (weapon)
Armour
 b - a +0 leather armour (worn)
 f - a +0 helmet (worn)
Wands
 e - a wand of iceblast (2/15)
Scrolls
 d - a scroll of remove curse {unknown}
 g - a scroll of magic mapping {unknown}
 h - a scroll of enchant weapon {unknown}
Comestibles
 c - 2 bread rations


   Skills:
 + Level 3.0 Fighting
 + Level 1.7 Axes
 * Level 1.7 Armour
 + Level 0.8 Dodging
 * Level 2.4 Invocations


You couldn't memorise any spells.
You didn't know any spells.

Dungeon Overview and Level Annotations

Branches:
Dungeon (0/15)

Altars:


Innate Abilities, Weirdness & Mutations

[Scrolls take you longer to read.]
[You are very clumsy. (Dex -4)]
[Armour fits poorly on your strangely shaped body.]
[You are sometimes teleported next to monsters.]


Message History

You feel clumsy. x2
The wretched star pulses with an eldritch light!
Your body twists and deforms.
Found 26 gold pieces.
You see here 26 gold pieces.
An apocalypse crab comes into view.
The worldbinder hits you but does no damage.
The worldbinder closely misses you.
The wretched star pulses with an eldritch light!
Your vision blurs. x2; You feel weirdly uncertain.
You feel even more weirdly uncertain.
The worldbinder hits you but does no damage. x2
Found 46 gold pieces.
The worldbinder hits you. x2
The worldbinder calls forth creatures from the Elven Halls!
The worldbinder calls forth creatures from the Elven Halls!
The deep elf knight points at you and mumbles some strange words.
The shard of ice hits you!
Ouch! That really hurt!
You die...

. ..# . ##$X.###...
#. #.###. ... . . .
.. . #..........
....#§ #.....#§..
#....###. .###. .
#$.##.###.#####.# #
#....*..........
#.#####e............
#.@.e#.###..##..##.
#.##.#x#.##..# .# ..
#..####..... ... ##
#.#. . ..... .. ##
.. ##..##..##. ...
#..# .. #... ...
##.. ..


You could see a deep elf knight and a worldbinder.

Vanquished Creatures (others)
  4 starspawn tentacles (Abyss:3)
4 creatures vanquished.

Notes
Turn   | Place    | Note
--------------------------------------------------------------
     0 | Abyss:1  | Gargoyl the Demonspawn Abyssal Knight began the quest for the Orb.
     0 | Abyss:1  | Reached XP level 1. HP: 18/18 MP: 2/2
    86 | Abyss:2  | Noticed a small abomination
    90 | Abyss:2  | Noticed an ancient zyme
   109 | Abyss:2  | Noticed a wretched star
   111 | Abyss:2  | Noticed a starcursed mass
   133 | Abyss:3  | Noticed a tentacled starspawn
   139 | Abyss:3  | Found a blossoming altar of Fedhas.
   150 | Abyss:3  | Noticed a wretched star
   153 | Abyss:3  | Noticed a worldbinder
   157 | Abyss:3  | Noticed an apocalypse crab
   163 | Abyss:3  | Noticed a deep elf mage
   163 | Abyss:3  | Noticed a deep elf mage
   166 | Abyss:3  | Noticed a deep elf knight
   166 | Abyss:3  | Killed from afar by a deep elf knight

Action                   || total
-------------------------++-------
Armor: Leather armour    ||     3
Dodge: Dodged            ||     1
